 Dungeon Crawl Stone Soup version 0.29-a0-819-g94b489e (webtiles) character file.

Game seed: 2090965879268804669

22 Illumine the Trooper (level 2, 0/25 HPs)
             Began as a Palentonga Fighter on July 6, 2022.
             Slain by an adder (1 damage)
             ... on level 2 of the Dungeon.
             The game lasted 00:00:28 (661 turns).

Illumine the Trooper (Palentonga Fighter)            Turns: 661, Time: 00:00:29

Health: 0/25       AC:  6    Str: 19    XL:     2   Next: 68%
Magic:  2/2        EV:  7    Int:  8    God:
Gold:   59         SH:  4    Dex:  9    Spells: 1/1 levels left

rFire   . . .      SeeInvis +   a - +0 war axe
rCold   . . .      Faith    .   c - +0 buckler
rNeg    . . .      Spirit   .   b - +0 scale mail
rPois   .          Reflect  .   (no helmet)
rElec   .          Harm     .   (no cloak)
rCorr   .          Rampage  .   (no gloves)
Will    .....                   (no barding)
Stlth   ..........              (no amulet)
HPRegen 0.08/turn               (no ring)
MPRegen 0.08/turn               (no ring)

@: no status effects
A: large, rugged brown scales 3, see invisible, deformed body, roll 1, armoured
tail
a: Rolling Charge


You were on level 2 of the Dungeon.
You visited 1 branch of the dungeon, and saw 2 of its levels.

You collected 59 gold pieces.

Inventory:

Hand Weapons
 a - a +0 war axe (weapon)
Armour
 b - a +0 scale mail (worn)
 c - a +0 buckler (worn)
Scrolls
 f - a scroll of noise {unknown}
 g - 2 scrolls of immolation {unknown}
 h - a scroll of silence {unknown}
 i - a scroll of magic mapping {unknown}
Potions
 d - 2 potions of might
 e - 2 potions of curing {unknown}


   Skills:
 + Level 3.2 Fighting
 * Level 2.7 Axes
 - Level 2.4 Armour
 + Level 2.9 Shields


You had one spell level left.
You didn't know any spells.
Your spell library was empty.

Dungeon Overview and Level Annotations

Branches:
Dungeon (1/15)

Altars:


Innate Abilities, Weirdness & Mutations

You are completely covered in rugged brown scales. (AC +3, +7% HP)
You have supernaturally acute eyesight. (SInv)
Armour fits poorly on your strangely shaped body.
You can roll at nearby foes to attack.
You have a long armoured tail.


Message History

The adder is moderately wounded.
You hit the kobold.
You feel sick. You block the kobold's attack.
The adder bites you but does no damage. The kobold closely misses you.
The endoplasm hits you but does no damage.
The adder bites you but does no damage.
You barely miss the adder.
The adder is moderately wounded.
You barely miss the endoplasm. You barely miss the kobold.
You feel sick. The adder bites you but does no damage.
The endoplasm hits you but does no damage.
The kobold closely misses you.
You closely miss the kobold.
The kobold is heavily wounded.
You hit the endoplasm. You barely miss the adder.
You feel sick.
You are no longer poisoned.
The adder closely misses you. The kobold hits you with a +0 whip.
The endoplasm hits you but does no damage.
You block the adder's attack. The endoplasm barely misses you.
The kobold closely misses you.
You are too injured to fight recklessly!
You barely miss the adder.
The adder is moderately wounded.
You hit the endoplasm. You barely miss the kobold. The adder bites you.
The adder barely misses you. The endoplasm barely misses you.
The kobold hits you with a +0 whip.
* * * LOW HITPOINT WARNING * * *
Unknown command.
You miss the adder.
Your tail-slap misses the adder.
The adder is moderately wounded.
You slash the kobold!
You kill the kobold!
You slash the endoplasm!
You kill the endoplasm!
You block the adder's attack. The adder bites you but does no damage.
You closely miss the adder.
The adder is moderately wounded.
You barely miss the goblin. The goblin hits you with a +0 club.
* * * LOW HITPOINT WARNING * * *
The adder bites you.
You die...

... ..# # #.# #.# #.#.#
#.# ###.#(# #.# #.
.##...#####.# ...
..###.##.##.########..#
......................#
..###.##.#######.#..##.
..# #..[.# #..@...#
..###.##.# #.gS.##.#
......##.# #.....#
......##.# #.####.
.......#.# #. #.
.......... . ..
.......# ## .. ......##
#.. .......


You could see an adder and a goblin.

Vanquished Creatures
  2 dart slugs (D:1)
  2 endoplasms (D:2)
  A giant cockroach (D:1)
  A goblin (D:1)
  4 hobgoblins
  A kobold (D:2)
  3 ball pythons
  A frilled lizard (D:2)
  2 rats (D:1)
17 creatures vanquished.

Notes
Turn   | Place    | Note
-------+----------+-------------------------------------------
     0 | D:1      | Illumine the Palentonga Fighter began the quest for the
                  | Orb.
     0 | D:1      | Reached XP level 1. HP: 19/19 MP: 1/1
    61 | D:1      | Reached XP level 2. HP: 25/25 MP: 2/2
   460 | D:1      | You fall into a shaft and drop 1 floor!
   661 | D:2      | HP: 1/25 [goblin/+0 club (4)]
   661 | D:2      | Slain by an adder

Illustrated notes

Levels and vault maps discovered:
D:1:      giann_horns, layout_basic, basic_ecumenical_altar
D:2:      layout_basic, grunt_ministairs_7, minmay_vboxes

Action                   || total
-------------------------++-------
Melee: War axe           ||    37
       Tailslap          ||     3
Armor: Scale mail        ||    20
Dodge: Dodged            ||    14
Block: Buckler           ||    11

Table legend: (Time is in decaauts)
 A = Elapsed time spent in this place.
 B = Non-inter-level travel time spent in this place.
 C = Inter-level travel time spent in this place.
 D = Time resting spent in this place.
 E = Time spent auto-exploring this place.
 F = Levels seen in this place.
 G = Mean time per level.
                   A        B        C        D        E       F      G
               +--------+--------+--------+--------+--------+-----+--------+
         Total |    675 |    675 |      0 |      0 |    573 |   2 |  337.5 |
       Dungeon |    675 |    675 |      0 |      0 |    573 |   2 |  337.5 |
               +--------+--------+--------+--------+--------+-----+--------+

Top non-repeatable levels by time:
     D:1: 464 daAuts
     D:2: 210 daAuts
